 Dungeon Crawl Stone Soup version 0.21.1-35-gfefc1aa2bb (webtiles) character file.

79 Dgb the Caller (level 4, -1/24 HPs)
             Began as a Tengu Summoner on Mar 8, 2018.
             Slain by a bullfrog zombie (4 damage)
             ... on level 3 of the Dungeon on Aug 1, 2018.
             The game lasted 00:41:54 (2224 turns).

Dgb the Caller (Tengu Summoner)                     Turns: 2224, Time: 00:41:55

Health: -1/24      AC:  4    Str:  9    XL:     4   Next: 38%
Magic:  8/8        EV: 13    Int: 16    God:
Gold:   98         SH:  3    Dex: 14    Spells: 2/8 levels left

rFire    . . .     SeeInvis .   d - +0 dagger
rCold    . . .     Gourm    .   (no shield)
rNeg     . . .     Faith    .   a - +0 robe
rPois    .         Spirit   .   (helmet restricted)
rElec    .         Reflect  +   n - +0 cloak
rCorr    .         Harm     .   q - +0 pair of gloves
MR       .....                  (boots unavailable)
Stlth    ++........             k - +3 amulet of reflection
HPRegen  0.08/turn              (no ring)
MPRegen  0.11/turn              (no ring)

@: no status effects
A: beak, talons 3
a: no special abilities


You were on level 3 of the Dungeon.
You were not hungry.

You visited 1 branch of the dungeon, and saw 3 of its levels.

You collected 98 gold pieces.

Inventory:

Hand Weapons
 d - a +0 dagger (weapon)
Armour
 a - a +0 robe (worn)
 n - a +0 cloak (worn)
 q - a +0 pair of gloves (worn)
Jewellery
 k - a +3 amulet of reflection (around neck)
Scrolls
 e - a scroll of fear {unknown}
 f - a scroll of remove curse {unknown}
 g - a scroll of enchant armour {unknown}
 j - a scroll of blinking {unknown}
 o - a scroll of random uselessness {unknown}
 p - 2 scrolls of teleportation {unknown}
Potions
 h - 2 potions of curing {unknown}
 l - a potion of lignification {unknown}
 m - a potion of might {unknown}
Books
 b - a book of Callings

   Spells                             Type                      Level
   a - Summon Small Mammal            Summoning                    1
   b - Call Imp                       Summoning                    2
   c - Call Canine Familiar           Summoning                    3
   d - Summon Guardian Golem          Hexes/Summoning              3
   e - Summon Lightning Spire         Summoning/Air                4
   f - Summon Ice Beast               Ice/Summoning                4
Comestibles
 c - 3 rations


   Skills:
 + Level 0.3 Fighting
 + Level 0.5 Short Blades
 + Level 2.6 Dodging
 + Level 2.4 Stealth
 - Level 0.4 Unarmed Combat
 + Level 2.5 Spellcasting
 + Level 5.7 Summonings


You had 2 spell levels left.
You knew the following spells:

 Your Spells              Type           Power        Failure   Level  Hunger
a - Summon Small Mammal   Summ           ###.         1%          1    #......
b - Call Imp              Summ           ###.....     2%          2    ##.....
c - Call Canine Familiar  Summ           ###.....     5%          3    ###....


Dungeon Overview and Level Annotations

Branches:
Dungeon (3/15)

Altars:


Innate Abilities, Weirdness & Mutations

You have a beak for a mouth.
You have claws for feet.


Message History

The bullfrog zombie is moderately damaged.
The bullfrog zombie hits you. You block the bullfrog zombie's attack.
You closely miss the bullfrog zombie.
You claw the bullfrog zombie, but do no damage.
The bullfrog zombie is moderately damaged.
The bullfrog zombie closely misses you.
You hit the bullfrog zombie but do no damage.
Your kick misses the bullfrog zombie. Your peck misses the bullfrog zombie.
The bullfrog zombie is moderately damaged.
You block the bullfrog zombie's attack.
You hit the bullfrog zombie.
The bullfrog zombie is heavily damaged.
The bullfrog zombie hits you.
* * * LOW HITPOINT WARNING * * *
You hit the bullfrog zombie. You claw the bullfrog zombie.
The bullfrog zombie is severely damaged.
The bullfrog zombie hits you.
* * * LOW HITPOINT WARNING * * *
The bullfrog zombie hits you.
You die...

#....##.###.... .# .#
....##..## ##.. .# #.#
.#..# #...#####.
.##..##
..##...#..†..###......K
#....#######....#.#
#.#.# ####.>♣ # #. #.##
# #.# #@# #Z# #K# .l#
.... ..... .......
#....... #........


You could see a bullfrog zombie, a leopard gecko and a kobold.

Vanquished Creatures
  A leopard gecko (D:1)
  A giant cockroach (D:3)
  7 goblins (D:1)
  4 hobgoblins
  4 jackals
  4 bats (D:1)
  A frilled lizard (D:2)
  2 kobolds
  4 rats
28 creatures vanquished.

Vanquished Creatures (collateral kills)
  4 gnolls (D:2)
  3 adders (D:2)
  A worm (D:2)
  A leopard gecko (D:2)
  A goblin (D:2)
  2 hobgoblins (D:2)
  4 jackals (D:2)
  A ball python (D:2)
  A bat (D:2)
  A frilled lizard (D:1)
  A kobold (D:2)
  2 rats (D:2)
22 creatures vanquished.

Grand Total: 50 creatures vanquished

Notes
Turn   | Place    | Note
-------+----------+-------------------------------------------
     0 | D:1      | Dgb the Tengu Summoner began the quest for the Orb.
     0 | D:1      | Reached XP level 1. HP: 10/10 MP: 4/4
    81 | D:1      | Reached skill level 5 in Summonings
   110 | D:1      | Reached XP level 2. HP: 4/15 MP: 6/6
   836 | D:1      | Reached XP level 3. HP: 14/19 MP: 7/7
   841 | D:1      | Learned a level 2 spell: Call Imp
   849 | D:1      | Learned a level 3 spell: Call Canine Familiar
  1621 | D:2      | Reached XP level 4. HP: 15/24 MP: 4/8
  2201 | D:3      | Upgraded the game from 0.21.1-1-g345015fe64 to 0.21.1-35-gfefc1aa2bb
  2224 | D:3      | Slain by a bullfrog zombie

Skill      XL: |  1 |
---------------+----+-----
Summonings     | 5 |  5.7
Fighting       | |  0.3
Short Blades   | |  0.5
Dodging        | |  2.6
Stealth        | |  2.4
Unarmed Combat | |  0.4
Spellcasting   | |  2.5

Action                   |  1- 3 |  4- 6 || total
-------------------------+-------+-------++-------
Melee: Dagger            |    56 |    18 ||    74
       Kick              |    14 |     4 ||    18
       Unarmed           |     5 |       ||     5
       Peck              |     7 |     1 ||     8
 Cast: Summon Small Mamm |     8 |     6 ||    14
       Call Canine Famil |     4 |     3 ||     7
       Call Imp          |     4 |     2 ||     6
  Use: Potion            |     1 |       ||     1
 Stab: Sleeping          |     1 |       ||     1
  Eat: Chunk             |     3 |     2 ||     5
Armor: Robe              |    19 |     5 ||    24
Dodge: Dodged            |    91 |    14 ||   105
Block: Other             |       |     2 ||     2
